 Dungeon Crawl Stone Soup version 0.20.1-1-g8b1a95d (webtiles) character file.

28246 vatarom the Basher (level 13, 0/114 HPs)
             Began as a Demonspawn Chaos Knight on Sept 13, 2017.
             Splashed by an oklob plant's acid (7 damage)
             ... on level 5 of the Lair of Beasts.
             The game lasted 00:32:33 (16135 turns).

vatarom the Basher (Demonspawn Chaos Knight)       Turns: 16135, Time: 00:32:34

Health: 0/114      AC:  0    Str: 19    XL:     13   Next: 8%
Magic:  0/13       EV: 12    Int: 13    God:    Xom [...*..]
Gold:   719        SH: 14    Dex: 22    Spells: 12/12 levels left

rFire    . . .     SeeInvis .   a - +3 mace (chaos)
rCold    + . .     Gourm    .   o - +2 shield
rNeg     . . .     Faith    .   H - +0 ring mail {rC+}
rPois    .         Spirit   +   (helmet unavailable)
rElec    .         Reflect  .   g - +2 cloak
rCorr    .         Harm     .   q - +0 pair of gloves
MR       +....     Clarity  +   (no boots)
Stlth    +.........             (no amulet)
Regen    0.3/turn               N - +4 ring of dexterity
MPRegen  0.3/turn               l - ring of wizardry

@: corroded, sanguine armour, berserk cooldown, slowed, very slow
A: hooves 1, horns 3, agile 1, clarity, deterioration 1, magic resistance 1,
sense surroundings 1, powered by pain 2, robust 1, strong 2, evolution 1, magic
shield, magic regeneration, sanguine armour 2
a: Renounce Religion


You were on level 5 of the Lair of Beasts.
You worshipped Xom.
You were a favourite toy of Xom.
You were not hungry.

You visited 3 branches of the dungeon, and saw 18 of its levels.

You collected 929 gold pieces.
You spent 210 gold pieces at shops.

Inventory:

Hand Weapons
 a - a +3 mace of chaos (weapon)
Missiles
 f - 7 tomahawks (quivered)
 E - 6 silver tomahawks
 G - 3 throwing nets
Armour
 g - a +2 cloak (worn)
 o - a +2 shield (worn)
 q - a +0 pair of gloves (worn)
 H - a +0 ring mail of cold resistance (worn)
Jewellery
 l - a ring of wizardry (right hand)
 N - a +4 ring of dexterity (left hand)
Wands
 k - a wand of random effects (23/48)
 r - a wand of confusion (31/48)
 s - a wand of paralysis (12/24)
 t - a wand of acid (0/15)
 v - a wand of paralysis (14/24)
 z - a wand of paralysis (13/24)
 C - a wand of random effects (15/48)
 D - a wand of paralysis (15/24)
 I - a wand of polymorph (0/24)
 L - a wand of flame (19/48)
 M - a wand of paralysis (14/24)
Scrolls
 b - 5 scrolls of remove curse
 d - 6 scrolls of teleportation
 h - 6 scrolls of identify
 i - 6 scrolls of fear
 j - 6 scrolls of enchant armour
 u - 5 scrolls of amnesia
 B - a scroll of brand weapon
 K - a scroll of recharging
Potions
 n - 3 potions of agility
 p - 4 potions of flight
 A - a potion of magic
 J - 2 potions of might
 Q - a potion of resistance
Miscellaneous
 F - a lightning rod (inert)
Comestibles
 c - 4 bread rations
 m - 25 fruits
 w - 5 royal jellies
 x - 6 meat rations


   Skills:
 + Level 10.3 Fighting
 * Level 12.8 Maces & Flails
 + Level 3.9 Throwing
 + Level 9.1 Armour
 - Level 3.8 Dodging
 - Level 8.4 Shields


You had 12 spell levels left.
You didn't know any spells.

Dungeon Overview and Level Annotations

Branches:
Dungeon (11/15)            Temple (1/1) D:5            Lair (6/6) D:10
 Shoals (0/4) Lair:2       Spider (0/4) Lair:2        Slime (0/5) Lair:5
    Orc: D:9-12

Altars:
Ashenzari
Cheibriados
Dithmenos
Elyvilon
Fedhas
Gozag
Hepliaklqana
Kikubaaqudgha
Makhleb
Nemelex Xobeh
Okawaru
Qazlal
Ru
Sif Muna
Trog
Uskayaw
Vehumet
Xom
Yredelemnul
Zin
The Shining One
Jiyva

Shops:
D:5 [   D:11 !

Annotations:
Lair:5 exclusion: 2 oklob plants
Lair:6 Josephine, Rupert


Innate Abilities, Weirdness & Mutations

You have a pair of large horns on your head.
You sometimes gain power by taking damage.
When hurt, damage is shared between your health and your magic reserves.
You regenerate magic rapidly.
When seriously injured, your bleeding wounds create thick armour. (AC +9)
You have large cloven feet.
You are agile. (Dex +2)
You possess an exceptional clarity of mind.
Your body sometimes deteriorates upon taking damage.
You are resistant to hostile enchantments. (MR+)
You passively map a small area around you.
You are robust. (+10% HP)
Your muscles are very strong. (Str +4)
You evolve.


Message History

You block the splash of acid.
Unknown command.
Okay, then.
You hit the oklob plant but do no damage.
Lightning courses through the oklob plant!
You kick the oklob plant, but do no damage.
You headbutt the oklob plant, but do no damage.
The oklob plant is moderately damaged.
You hit the oklob plant.
You kick the oklob plant, but do no damage.
The oklob plant is moderately damaged.
You hit the oklob plant but do no damage.
You kick the oklob plant, but do no damage.
The oklob plant is moderately damaged.
The oklob plant spits acid at you. The splash of acid hits you!
* * * LOW HITPOINT WARNING * * *
You are splashed with acid!
The acid burns!
You die...
Xom snickers!

#######
#$..)$#
#).$P(#
#$P.@)#
#.)..$#
#_?...#
##PPP..##
#.......#*
##.[...#.#
##...P###
## ####
##..## ###
### .##
#..#
###..#
##P# #.###


You could see 2 oklob plants.

Vanquished Creatures
  Fannar (D:11)
  3 hydras
  Erica (D:8)
  A two-headed ogre (D:10)
  Urug (D:10)
  An orb spider (Lair:4)
  2 oklob plants (Lair:5)
  An orb spider (shapeshifter) (Lair:3)
  An ugly thing (D:11)
  A cyclops (D:11)
  5 elephants
  A black mamba (Lair:1)
  Joseph (D:7)
  5 spiny frogs
  3 rime drakes
  5 komodo dragons
  A yaktaur (Lair:4)
  3 trolls
  5 hippogriffs
  A polar bear (Lair:5)
  11 blink frogs
  Prince Ribbit (D:6)
  A dream sheep (D:10)
  A meliai zombie (D:11)
  A spriggan (Lair:3)
  18 yaks
  A tarantella (Lair:2)
  2 wyverns
  3 hogs (D:8)
  5 basilisks
  2 humans
  A hungry ghost (D:11)
  A steam dragon (Lair:4)
  3 water moccasins
  A hornet zombie (D:9)
  9 porcupines
  An orc warrior (D:10)
  A swamp drake (Lair:5)
  2 sky beasts
  3 ice beasts
  3 phantoms
  2 ogres
  A necrophage (D:10)
  6 wolves
  4 centaurs
  5 crocodiles
  A big kobold (D:9)
  10 bullfrogs
  3 scorpions
  4 howler monkeys
  2 electric eels
  4 crimson imps
  A bullfrog zombie (D:11)
  3 jellies
  4 hounds
  8 orc priests
  7 orc wizards
  A bullfrog skeleton (D:10)
  A gnoll shaman (D:9)
  Terence (D:3)
  2 iguanas
  11 worker ants
  A hound skeleton (D:6)
  14 gnolls
  12 adders
  3 shadow imps
  An ooze (D:1)
  A worm (D:1)
  A dart slug (D:2)
  6 leopard geckos
  38 orcs
  A ball python (D:1)
  5 bats
  6 giant cockroaches
  2 goblins (D:1)
  7 hobgoblins
  6 jackals
  8 quokkas
  2 frilled lizards (D:1)
  7 kobolds
  A leopard gecko skeleton (D:6)
  A leopard gecko zombie (D:6)
  4 rats
322 creatures vanquished.

Vanquished Creatures (collateral kills)
  A komodo dragon (Lair:1)
  3 yaks (Lair:1)
  A water moccasin (Lair:1)
  An ogre (D:4)
  A crocodile (D:10)
  A bullfrog (D:8)
  A gnoll sergeant (D:7)
  A worker ant (D:9)
  A gnoll (D:7)
  2 adders
  An orc (D:4)
14 creatures vanquished.

Vanquished Creatures (others)
  A quasit (D:10)
  An orc wizard (D:10)
  A giant cockroach (D:4)
  4 fungi
  3 plants
10 creatures vanquished.

Grand Total: 346 creatures vanquished

Notes
Turn   | Place    | Note
-------+----------+-------------------------------------------
     0 | D:1      | vatarom the Demonspawn Chaos Knight began the quest for the Orb.
     0 | D:1      | Reached XP level 1. HP: 18/18 MP: 1/1
     9 | D:1      | Reached skill level 1 in Dodging
   223 | D:1      | Gained mutation: You have a pair of small horns on your head. [demonic ancestry]
   223 | D:1      | Reached XP level 2. HP: 23/24 MP: 2/2
   251 | D:1      | Reached skill level 3 in Maces & Flails
   611 | D:1      | XOM: harmless Pois miscast
   619 | D:1      | Gained mutation: You have a pair of horns on your head. [demonic ancestry]
   619 | D:1      | Reached XP level 3. HP: 29/29 MP: 3/3
  1020 | D:2      | XOM: cast spell 'Call Canine Familiar'
  1022 | D:2      | Gained mutation: You sometimes gain a little power by taking damage. [demonic ancestry]
  1022 | D:2      | Reached XP level 4. HP: 7/36 MP: 4/4
  1056 | D:2      | XOM: god gift: ring mail {god gift}
  1226 | D:2      | XOM: mild Tloc miscast
  1439 | D:2      | Reached skill level 4 in Maces & Flails
  1875 | D:3      | Noticed Terence
  1875 | D:3      | XOM: confuse monster(s)
  1884 | D:3      | XOM: potion effect (might)
  1890 | D:3      | Gained mutation: When seriously injured, your bleeding wounds create armour. (AC +9) [demonic ancestry]
  1890 | D:3      | Reached XP level 5. HP: 29/42 MP: 5/5
  1900 | D:3      | Killed Terence
  1934 | D:3      | XOM: fog
  2250 | D:3      | XOM: mild Tmut miscast
  2391 | D:4      | XOM: divination: magic mapping
  2497 | D:4      | Gained mutation: You sometimes gain power by taking damage. [demonic ancestry]
  2497 | D:4      | Reached XP level 6. HP: 37/49 MP: 6/6
  2517 | D:4      | Found a deep blue altar of Sif Muna.
  2517 | D:4      | XOM: 4-stop teleportation journey
  2627 | D:4      | Reached skill level 5 in Maces & Flails
  2667 | D:4      | XOM: silly message
  2849 | D:4      | Reached skill level 5 in Fighting
  2849 | D:4      | Reached XP level 7. HP: 56/56 MP: 7/7
  2942 | D:4      | XOM: give mutations
  2942 | D:4      | Gained mutation: Your mind is acute. (Int +2) [Xom's grace]
  2942 | D:4      | Gained mutation: You have large cloven feet. [Xom's grace]
  2992 | D:4      | XOM: god gift: scroll labeled ROUVUDUMIS {god gift}
  3231 | D:4      | XOM: god gift: 14 stones
  3269 | D:5      | Entered Level 5 of the Dungeon
  3292 | D:5      | Found a staircase to the Ecumenical Temple.
  3317 | Temple   | Entered the Ecumenical Temple
  3465 | Temple   | XOM: harmless Erth miscast
  3497 | D:5      | XOM: harmless Tmut miscast
  3654 | D:5      | XOM: polymorph orc wizard -> gnoll
  3830 | D:5      | Reached skill level 6 in Maces & Flails
  3929 | D:5      | XOM: cleaving
  3949 | D:5      | Found Loaw's Antique Armour Boutique.
  3964 | D:5      | Bought a glowing shield for 210 gold pieces
  3985 | D:5      | XOM: scenery: 1 doors open
  3988 | D:5      | XOM: scenery: 1 doors close
  4214 | D:6      | Reached XP level 8. HP: 63/63 MP: 8/8
  4522 | D:6      | XOM: scenery: create altars
  4561 | D:6      | Noticed Prince Ribbit
  4576 | D:6      | Killed Prince Ribbit
  4576 | D:6      | Reached skill level 1 in Shields
  4686 | D:6      | XOM: cloud trail
  4692 | D:6      | XOM: scenery: create altars
  5100 | D:7      | Reached skill level 7 in Maces & Flails
  5156 | D:7      | Found a sparkling altar of Nemelex Xobeh.
  5199 | D:7      | XOM: give mutations
  5199 | D:7      | Gained mutation: Your flesh is cold resistant. (rC+) [Xom's grace]
  5199 | D:7      | Gained mutation: You are somewhat resistant to further mutation. [Xom's grace]
  5199 | D:7      | Gained mutation: You possess an exceptional clarity of mind. [Xom's grace]
  5199 | D:7      | Gained mutation: You are somewhat resistant to both further mutation and mutation removal. [Xom's grace]
  5325 | D:7      | Found a hazy altar of Hepliaklqana.
  5365 | D:7      | You fall through a shaft for 2 floors!
  5488 | D:8      | XOM: divination: detect items
  5579 | D:8      | XOM: summons friendly shadow imp
  5686 | D:7      | XOM: 1-stop teleportation journey
  5870 | D:7      | Noticed Joseph
  5886 | D:7      | Killed Joseph
  5886 | D:7      | Reached skill level 5 in Armour
  5886 | D:7      | Gained mutation: When hurt, damage is shared between your health and your magic reserves. [demonic ancestry]
  5886 | D:7      | Reached XP level 9. HP: 31/69 MP: 9/9
  6148 | D:7      | XOM: god gift: 24 gold pieces
  6247 | D:8      | XOM: mild Hex miscast
  6253 | D:8      | Noticed a five-headed hydra
  6261 | D:8      | Killed a five-headed hydra
  6404 | D:8      | Found a glowing silver altar of Zin.
  6404 | D:8      | Found a white marble altar of Elyvilon.
  6555 | D:8      | XOM: polymorph hog -> wolf
  6557 | D:8      | XOM: scenery: create altars
  6639 | D:8      | Noticed Erica
  6648 | D:8      | Killed Erica
  6648 | D:8      | Reached skill level 5 in Shields
  6648 | D:8      | Reached XP level 10. HP: 37/76 MP: 5/10
  6670 | D:8      | XOM: medium Necr miscast
  7072 | D:9      | Noticed Erolcha
  7075 | D:9      | Noticed Erolcha
  7075 | D:9      | Erolcha changed into Erolcha the human
  7075 | D:9      | XOM: polymorph Erolcha -> Erolcha the human
  7097 | D:9      | Killed Erolcha the human
  7097 | D:9      | XOM: scenery: create altars
  7125 | D:9      | XOM: summons friendly iron imp
  7154 | D:9      | Reached skill level 8 in Maces & Flails
  7249 | D:9      | Found a hide-covered altar of Uskayaw.
  7280 | D:9      | XOM: polymorph iron imp -> crimson imp
  7290 | D:9      | XOM: divination: detect items
  7321 | D:9      | XOM: god gift: 6 silver tomahawks
  7479 | D:9      | XOM: enchant monster (bad)
  7662 | D:10     | Entered Level 10 of the Dungeon
  7725 | D:10     | Noticed a two-headed ogre
  7728 | D:10     | XOM: potion effect (might)
  7732 | D:10     | Killed a two-headed ogre
  7732 | D:10     | Reached skill level 9 in Maces & Flails
  7745 | D:10     | Noticed Harold
  7747 | D:10     | Noticed an elephant
  7753 | D:10     | XOM: summons friendly shadow imp
  7759 | D:10     | Killed an elephant
  7762 | D:10     | Gained mutation: You are robust. (+10% HP) [potion of mutation]
  7762 | D:10     | Gained mutation: Your spells are a little harder to cast, but a little more powerful. [potion of mutation]
  7972 | D:9      | XOM: give mutations
  7972 | D:9      | Gained mutation: You are almost entirely resistant to further mutation and mutation removal. [Xom's grace]
  7972 | D:9      | Gained mutation: Your muscles are strong. (Str +2) [Xom's grace]
  8021 | D:10     | Found a staircase to the Lair.
  8061 | D:10     | XOM: summons friendly iron imp
  8065 | D:10     | XOM: blink monster(s)
  8073 | D:10     | Gained mutation: You have a pair of large horns on your head. [demonic ancestry]
  8073 | D:10     | Reached XP level 11. HP: 60/91 MP: 7/11
  8135 | D:10     | Noticed Harold
  8135 | D:10     | Harold changed into Harold the dream sheep
  8137 | D:10     | Killed Harold the dream sheep
  8340 | D:10     | Found a white marble altar of Elyvilon.
  8502 | D:10     | Noticed Urug
  8513 | D:10     | Killed Urug
  8988 | D:11     | XOM: noise
  9003 | D:11     | XOM: harmless Ice miscast
  9016 | D:11     | Reached skill level 10 in Maces & Flails
  9122 | D:11     | Found Bajybb's Distillery.
  9133 | D:11     | XOM: mild Pois miscast
  9214 | D:11     | XOM: divination: detect creatures
  9246 | D:11     | Noticed Fannar
  9267 | D:11     | Killed Fannar
  9397 | D:11     | HP: 4/95 [something (7)]
  9404 | D:11     | Found an ancient bone altar of Kikubaaqudgha.
  9526 | D:11     | XOM: god gift: thick smoking staff {god gift}
  9577 | D:11     | Noticed a cyan ugly thing
  9580 | D:11     | XOM: cast spell 'Call Canine Familiar'
  9594 | D:11     | Killed a white ugly thing
  9795 | Lair:1   | Entered Level 1 of the Lair of Beasts
 10092 | Lair:1   | XOM: cast spell 'Summon Butterflies'
 10102 | Lair:1   | XOM: summons 4 hostile demons
 10104 | Lair:1   | XOM: cleaving
 10112 | Lair:1   | XOM: cast spell 'Discord'
 10131 | Lair:1   | Reached skill level 11 in Maces & Flails
 10443 | Lair:1   | XOM: harmless Air miscast
 10542 | Lair:1   | XOM: medium Ice miscast
 10640 | Lair:1   | XOM: mild Tloc miscast
 10740 | Lair:1   | XOM: harmless Tloc miscast
 10858 | Lair:2   | Found a deep blue altar of Sif Muna.
 10926 | Lair:2   | XOM: 6-stop teleportation journey
 11108 | Lair:2   | Gained mutation: You regenerate magic rapidly. [demonic ancestry]
 11108 | Lair:2   | Reached XP level 12. HP: 72/104 MP: 10/12
 11148 | Lair:2   | Found a hole to the Spider Nest.
 11160 | Lair:2   | XOM: give mutations
 11160 | Lair:2   | Lost mutation: Your spells are a little harder to cast, but a little more powerful. [Xom's mischief]
 11160 | Lair:2   | Gained mutation: Your body sometimes deteriorates upon taking damage. [Xom's mischief]
 11160 | Lair:2   | Lost mutation: Your flesh is cold resistant. (rC+) [Xom's mischief]
 11565 | Lair:2   | Found a staircase to the Shoals.
 12022 | Lair:3   | XOM: god gift: scroll of fear
 12024 | Lair:3   | Noticed Sonja
 12055 | Lair:3   | XOM: 1-stop teleportation journey
 12116 | Lair:3   | Noticed Sonja
 12116 | Lair:3   | Sonja changed into Sonja the spriggan
 12121 | Lair:3   | Killed Sonja the spriggan
 12198 | Lair:3   | XOM: cloud trail
 12288 | Lair:3   | XOM: cleaving
 12305 | Lair:3   | Reached skill level 1 in Throwing
 12351 | Lair:3   | XOM: god gift: potion of resistance
 12493 | Lair:3   | XOM: noise
 12612 | Lair:3   | XOM: medium Summ miscast
 12788 | Lair:3   | XOM: give mutations
 12788 | Lair:3   | Lost mutation: Your mind is acute. (Int +2) [Xom's mischief]
 12788 | Lair:3   | Gained mutation: You are clumsy. (Dex -2) [Xom's mischief]
 12788 | Lair:3   | Lost mutation: Your muscles are strong. (Str +2) [Xom's mischief]
 12922 | Lair:3   | Reached skill level 12 in Maces & Flails
 13124 | Lair:4   | XOM: chaos cloud
 13129 | Lair:4   | XOM: scenery: create altars
 13197 | Lair:3   | XOM: medium Ice miscast
 13205 | Lair:3   | Noticed a five-headed hydra
 13675 | Lair:3   | XOM: noise
 13695 | Lair:3   | XOM: chaos cloud
 13697 | Lair:3   | Noticed a minotaur
 13697 | Lair:3   | a five-headed hydra changed into a minotaur
 13697 | Lair:3   | a minotaur changed into something unseen
 13700 | Lair:3   | Noticed a death yak
 13705 | Lair:3   | Noticed a queen ant
 13705 | Lair:3   | a death yak changed into a queen ant
 13707 | Lair:3   | Noticed an ice dragon
 13707 | Lair:3   | a queen ant changed into an ice dragon
 13708 | Lair:3   | an ice dragon changed into a tyrant leech
 13717 | Lair:3   | Noticed an anaconda
 13938 | Lair:4   | XOM: torment (57/106 hp)
 14136 | Lair:4   | XOM: mild Tloc miscast
 14219 | Lair:4   | You fall through a shaft for 2 floors!
 14219 | Lair:6   | Entered Level 6 of the Lair of Beasts
 14221 | Lair:6   | Noticed Josephine
 14233 | Lair:6   | Noticed Rupert
 14233 | Lair:6   | XOM: enchant monster (good)
 14366 | Lair:4   | XOM: scenery: create altars
 14376 | Lair:4   | XOM: confuse monster(s)
 14396 | Lair:4   | Reached skill level 10 in Fighting
 14428 | Lair:4   | XOM: summons friendly shadow imp
 14430 | Lair:4   | XOM: cleaving
 14793 | Lair:4   | Noticed a five-headed hydra
 14796 | Lair:4   | XOM: summons 10 friendly demons
 14800 | Lair:4   | Killed a five-headed hydra
 15163 | Lair:4   | XOM: give mutations
 15163 | Lair:4   | Lost mutation: You are almost entirely resistant to further mutation and mutation removal. [Xom's grace]
 15163 | Lair:4   | Lost mutation: You are somewhat resistant to both further mutation and mutation removal. [Xom's grace]
 15163 | Lair:4   | Lost mutation: You are somewhat resistant to further mutation. [Xom's grace]
 15163 | Lair:4   | Gained mutation: You evolve. [Xom's grace]
 15163 | Lair:4   | Gained mutation: You are resistant to hostile enchantments. (MR+) [Xom's grace]
 15163 | Lair:4   | Gained mutation: You passively map a small area around you. [Xom's grace]
 15163 | Lair:4   | Gained mutation: Your muscles are strong. (Str +2) [Xom's grace]
 15244 | Lair:4   | Noticed an eight-headed hydra
 15255 | Lair:4   | Killed an eight-headed hydra
 15344 | Lair:4   | Lost mutation: You are clumsy. (Dex -2) [evolution]
 15555 | Lair:4   | XOM: give mutations
 15555 | Lair:4   | Gained mutation: Your muscles are very strong. (Str +4) [Xom's grace]
 15555 | Lair:4   | Gained mutation: You are agile. (Dex +2) [Xom's grace]
 15785 | Lair:5   | Found a staircase to the Slime Pits.
 15786 | Lair:5   | Found a viscous altar of Jiyva.
 15861 | Lair:5   | Got a heavily jewelled robe
 15862 | Lair:5   | Identified the cursed -5 robe of Misfortune {-Cast *Contam *Tele *Drain EV-5 Stlth-- *Curse} (You found it on level 5 of the Lair of Beasts)
 15898 | Lair:5   | Gained mutation: When seriously injured, your bleeding wounds create thick armour. (AC +9) [demonic ancestry]
 15898 | Lair:5   | Reached XP level 13. HP: 101/113 MP: 11/13
 16066 | Lair:5   | XOM: divination: detect creatures
 16111 | Lair:5   | XOM: potion effect (berserk rage)
 16113 | Lair:5   | XOM: divination: detect items
 16126 | Lair:5   | XOM: potion effect (curing)
 16130 | Lair:5   | XOM: potion effect (curing)
 16132 | Lair:5   | XOM: scenery: create altars
 16135 | Lair:5   | Splashed by an oklob plant's acid

Skill      XL: |  1  2  3  4  5  6  7  8  9 10 11 12 |
---------------+-------------------------------------+-----
Dodging        | 1 2 3 |  3.8
Maces & Flails | 3 4 5 6 7 9 11 12 | 12.8
Fighting       | 4 5 6 7 9 10 | 10.3
Armour         | 2 5 8 9 |  9.1
Shields        | 3 5 6 8 |  8.4
Throwing       | 3 |  3.9

Action                   |  1- 3 |  4- 6 |  7- 9 | 10-12 | 13-15 || total
-------------------------+-------+-------+-------+-------+-------++-------
Melee: Mace              |    69 |   152 |   270 |   820 |    33 ||  1344
       Headbutt          |     9 |    26 |    52 |   203 |    14 ||   304
       Kick              |       |       |    67 |   330 |    26 ||   423
Throw: Tomahawk          |       |       |       |    12 |       ||    12
Evoke: Wand              |       |       |     3 |    10 |     8 ||    21
       Lightning rod     |       |       |       |     4 |       ||     4
  Use: Scroll            |     5 |     4 |     5 |    12 |     2 ||    28
       Potion            |       |     4 |     2 |    11 |     1 ||    18
 Stab: Paralysed         |       |     1 |     2 |     9 |       ||    12
       Confused          |       |       |     2 |     6 |       ||     8
       Petrifying        |       |       |     1 |     1 |       ||     2
       Petrified         |       |       |       |    13 |       ||    13
       Invisible         |       |       |       |     1 |       ||     1
  Eat: Chunk             |       |     6 |    11 |    10 |       ||    27
       Royal jelly       |       |       |     1 |     1 |       ||     2
       Bread ration      |       |       |       |     5 |       ||     5
       Fruit             |       |       |       |     2 |       ||     2
Armor: Leather armour    |    42 |    48 |       |       |       ||    90
       Ring mail         |       |     5 |    98 |   281 |     3 ||   387
Dodge: Dodged            |    58 |   102 |   145 |   343 |     7 ||   655
Block: Shield            |       |       |       |   353 |     9 ||   362
